[Event "January 9 Early 2024"]
[Site "https://www.chess.com"]
[Date "2024.01.11"]
[Round "10"]
[White "Manukian, Artak"]
[Black "Chan, Wei Xuan Timothy"]
[Result "0-1"]
[Board "139"]
[TimeControl "180+1"]
[WhiteFideId "13301373"]
[BlackFideId "5802032"]
[WhiteElo "2520"]
[BlackElo "2724"]
[WhiteTeam "ARM"]
[BlackTeam "SGP"]
[WhiteClock "0:00:25"]
[BlackClock "0:00:07"]

1. e4 e5 2. Nf3 Nc6 3. d4 exd4 4. Nxd4 Nf6 5. Nxc6 bxc6 6. e5 Qe7 7. Qe2 Nd5 8. c4 Ba6 9. b3 g5 10. g3 Bg7 11. Bb2 O-O-O 12. Bg2 Rde8 13. O-O Bxe5 14. Qxe5 Qxe5 15. Bxe5 Rxe5 16. cxd5 Bxf1 17. Kxf1 cxd5 18. Nc3 c6 19. Rc1 Kd8 20. Na4 h5 21. Nc5 h4 22. Nd3 Re6 23. Bh3 Rf6 24. Kg2 hxg3 25. hxg3 Rfh6 26. Bf5 Rh2+ 27. Kf3 Re8 28. Kg4 f6 29. Rc5 Kc7 30. Ra5 Kb6 31. b4 d6 32. a4 Re2 33. Bc8 Rd2 34. Ba6 c5 35. Kf5 c4 36. Rxd5 Rxd3 37. Bxc4 Rxf2+ 38. Ke6 Rxd5 39. Bxd5 Kc7 40. b5 f5 41. a5 f4 42. gxf4 Rxf4 43. b6+ axb6 44. axb6+ Kxb6 45. Kxd6 g4 46. Ke5 Rf8 47. Ke4 Kc5 48. Bb7 Rf7 49. Ba8 g3 50. Ke3 Rf2 51. Bf3 Kd6 52. Be4 Ke5 53. Bf3 Rb2 54. Be2 g2 0-1

[Event "January 9 Early 2024"]
[Site "https://www.chess.com"]
[Date "2024.01.11"]
[Round "10"]
[White "Schnaider, Ilan"]
[Black "Kochiev, Ivan"]
[Result "1/2-1/2"]
[Board "140"]
[TimeControl "180+1"]
[WhiteFideId "169013"]
[BlackFideId "2917890"]
[WhiteElo "2738"]
[BlackElo "2587"]
[WhiteTeam "ARG"]
[BlackTeam "BUL"]
[WhiteClock "0:00:03"]
[BlackClock "0:00:05"]

1. e4 c5 2. Nf3 d6 3. Bb5+ Nc6 4. O-O Bd7 5. Re1 a6 6. Bf1 Bg4 7. c3 g6 8. h3 Bxf3 9. Qxf3 Bg7 10. Na3 Nf6 11. Nc2 Nd7 12. Rd1 b5 13. d4 Rc8 14. Be3 Qc7 15. Rac1 O-O 16. Bd3 Qb7 17. Qg3 a5 18. h4 b4 19. h5 bxc3 20. bxc3 Qb2 21. Rb1 Qxa2 22. Ra1 Qb2 23. Rdb1 Qxc3 24. Ra3 cxd4 25. Rxc3 dxc3 26. hxg6 hxg6 27. Bc4 Nb4 28. Bb3 Nc5 29. Nxb4 axb4 30. Bxc5 Rxc5 31. Qxg6 c2 32. Rc1 Rc3 33. Qf5 Rxb3 34. Rxc2 Rc3 35. Re2 b3 36. e5 Rc1+ 37. Kh2 b2 38. Rxb2 Bxe5+ 39. g3 Bxb2 40. Qg5+ Kh7 41. Qh5+ Kg8 42. Qg5+ Kh7 43. Qh5+ Kg8 44. Qg5+ 1/2-1/2

[Event "January 9 Early 2024"]
[Site "https://www.chess.com"]
[Date "2024.01.11"]
[Round "10"]
[White "Radzhabov, Rodion"]
[Black "Ratnesan, Ranesh"]
[Result "1-0"]
[Board "141"]
[TimeControl "180+1"]
[WhiteFideId "884715"]
[BlackFideId "439339"]
[WhiteElo "2605"]
[BlackElo "2347"]
[WhiteTeam "RUS"]
[BlackTeam "ENG"]
[WhiteClock "0:00:06"]
[BlackClock "0:00:06"]

1. e4 c5 2. Nc3 Nc6 3. Bb5 Nd4 4. Bc4 g6 5. Nge2 Bg7 6. Nxd4 cxd4 7. Ne2 e6 8. c3 dxc3 9. bxc3 Ne7 10. d4 d5 11. Bd3 O-O 12. O-O Bd7 13. e5 Rc8 14. Bg5 Re8 15. Qd2 Qa5 16. Bf6 Bf8 17. h4 h5 18. Rab1 b5 19. Qg5 Nf5 20. Bxf5 exf5 21. Nf4 Kh7 22. Nxd5 Be6 23. Nf4 Bh6 24. Qg3 Rxc3 25. f3 Qb6 26. Kh2 Qxd4 27. Bg5 Bxg5 28. hxg5 Qxe5 29. Rfe1 Qd6 30. Rxb5 Rc4 31. Nxh5 Qxg3+ 32. Nxg3 Rec8 33. Rb7 R8c7 34. Reb1 Kg7 35. Ne2 Rc2 36. Nf4 Bxa2 37. R1b5 R2c4 38. Nd3 Rxb7 39. Rxb7 Rc6 40. Ne5 Be6 41. Nxc6 a5 42. Nxa5 1-0

[Event "January 9 Early 2024"]
[Site "https://www.chess.com"]
[Date "2024.01.11"]
[Round "10"]
[White "Kukhmazov, Arsen"]
[Black "Kazakouski, Valery"]
[Result "1/2-1/2"]
[Board "142"]
[TimeControl "180+1"]
[WhiteFideId "24108260"]
[BlackFideId "13507443"]
[WhiteElo "2913"]
[BlackElo "2843"]
[WhiteTeam "FID"]
[BlackTeam "LTU"]
[WhiteClock "0:00:05"]
[BlackClock "0:00:05"]

1. d4 Nf6 2. c4 c6 3. Nf3 d5 4. Nc3 dxc4 5. a4 Bf5 6. Nh4 Be6 7. e4 g6 8. Nf3 Nbd7 9. Ng5 Bg4 10. f3 h6 11. Nxf7 Kxf7 12. fxg4 e5 13. Bxc4+ Kg7 14. g5 hxg5 15. Bxg5 Bd6 16. d5 Qb6 17. Qe2 cxd5 18. Bxd5 Rac8 19. Rd1 Bb4 20. Be3 Bc5 21. Bxc5 Nxc5 22. a5 Qxa5 23. O-O Qb6 24. Qb5 Qc7 25. Ba2 a6 26. Qb4 Rcf8 27. Rc1 b6 28. h3 Rh4 29. Nd5 Nxd5 30. Bxd5 Rhf4 31. Rxf4 Rxf4 32. Qd2 Qe7 33. Qe2 a5 34. Rf1 Qg5 35. Rxf4 Qxf4 36. Qb5 Qe3+ 37. Kh2 Nd3 38. Qd7+ Kh6 39. Qd8 Qf4+ 40. Kg1 Qf2+ 41. Kh2 Qf4+ 42. Kg1 Qe3+ 43. Kh2 Qf4+ 1/2-1/2

[Event "January 9 Early 2024"]
[Site "https://www.chess.com"]
[Date "2024.01.11"]
[Round "10"]
[White "Yeremyan, Alen"]
[Black "Salem, A.R. Saleh"]
[Result "1-0"]
[Board "143"]
[TimeControl "180+1"]
[WhiteFideId "13308998"]
[BlackFideId "9301348"]
[WhiteElo "2812"]
[BlackElo "2985"]
[WhiteTeam "ARM"]
[BlackTeam "UAE"]
[WhiteClock "0:00:21"]
[BlackClock "0:00:02"]

1. e4 c5 2. Nc3 Nc6 3. Bb5 Nd4 4. Bc4 e6 5. Nge2 Nc6 6. O-O Nf6 7. d4 cxd4 8. Nxd4 d6 9. Nxc6 bxc6 10. Bd3 Be7 11. Qe2 d5 12. b3 O-O 13. Bb2 Nd7 14. Rad1 Bf6 15. Na4 Bxb2 16. Nxb2 Nc5 17. c4 a5 18. Rfe1 Bb7 19. Bb1 Qf6 20. e5 Qe7 21. Rd4 Rfd8 22. Red1 h6 23. Qc2 Ne4 24. f3 c5 25. cxd5 cxd4 26. Qxe4 g6 27. d6 Qd7 28. Qxd4 Bd5 29. Nd3 Qa7 30. Qxa7 Rxa7 31. Rc1 Kf8 32. Kf2 Rb8 33. Ke3 a4 34. b4 a3 35. Kd4 g5 36. h4 gxh4 37. Rh1 Rab7 38. Kc3 Rc8+ 39. Nc5 h3 40. gxh3 Bxf3 41. Rg1 Bd5 42. Bh7 Rxc5+ 43. bxc5 Ke8 44. Bc2 1-0

[Event "January 9 Early 2024"]
[Site "https://www.chess.com"]
[Date "2024.01.11"]
[Round "10"]
[White "Haring, Filip"]
[Black "Pinero Rodriguez, Carlos Jose"]
[Result "1-0"]
[Board "144"]
[TimeControl "180+1"]
[WhiteFideId "14933080"]
[BlackFideId "3901726"]
[WhiteElo "2710"]
[BlackElo "2561"]
[WhiteTeam "SVK"]
[BlackTeam "VEN"]
[WhiteClock "0:00:07"]
[BlackClock "0:00:12"]

1. Nf3 Nf6 2. d4 g6 3. g3 Bg7 4. Bg2 O-O 5. O-O d6 6. b3 Nbd7 7. Bb2 Re8 8. Nbd2 e5 9. dxe5 Ng4 10. c4 Ngxe5 11. Nxe5 Nxe5 12. Qc1 Rb8 13. h3 a6 14. Ne4 Bf5 15. Nc3 h5 16. Qd2 b5 17. cxb5 axb5 18. Nd5 c6 19. Ne3 Be6 20. Rfc1 d5 21. f4 Nd7 22. Bxg7 Kxg7 23. Rxc6 Qf6 24. Rd1 Nb6 25. Nxd5 Nxd5 26. Bxd5 Red8 27. e4 Qe7 28. Qc3+ Kg8 29. Rc7 Qd6 30. Rc6 Qe7 31. Qc5 Qd7 32. Rc7 Qe8 33. Qe7 Qxe7 34. Rxe7 Rd6 35. Rc7 Rbd8 36. Rc5 Bxh3 37. Rxb5 Be6 38. a4 Kf8 39. Ra1 Bd7 40. Rb7 f5 41. a5 Re8 42. a6 fxe4 43. a7 Rxd5 44. a8=Q Rxa8 45. Rxa8+ Ke7 46. Kf2 Rd3 47. Raa7 Ke6 48. Rxd7 Rxd7 49. Rxd7 Kxd7 50. Ke3 Ke6 51. Kxe4 1-0

[Event "January 9 Early 2024"]
[Site "https://www.chess.com"]
[Date "2024.01.11"]
[Round "10"]
[White "Osinovsky, Stepan"]
[Black "Derjabin, Ilja"]
[Result "0-1"]
[Board "145"]
[TimeControl "180+1"]
[WhiteFideId "4157354"]
[BlackFideId "14104768"]
[WhiteElo "2412"]
[BlackElo "2523"]
[WhiteTeam "RUS"]
[BlackTeam "UKR"]
[WhiteClock "0:00:03"]
[BlackClock "0:00:09"]

1. e4 c5 2. Nf3 d6 3. d4 cxd4 4. Nxd4 Nf6 5. Nc3 a6 6. Be3 e5 7. Nb3 Be7 8. Qd2 O-O 9. O-O-O Be6 10. f4 Ng4 11. Kb1 Nxe3 12. Qxe3 exf4 13. Qxf4 Nc6 14. Nd5 Bxd5 15. exd5 Ne5 16. h4 Rc8 17. h5 Bg5 18. Qf5 Qf6 19. Nd4 Qxf5 20. Nxf5 Rfd8 21. g3 g6 22. Nd4 Rc5 23. c3 Ng4 24. Re1 b5 25. Be2 Ne5 26. Nf3 Bf6 27. Nxe5 Bxe5 28. Bf3 Bxg3 29. Re7 a5 30. a3 b4 31. axb4 axb4 32. cxb4 Rb5 33. Rg1 Be5 34. Rg4 Kg7 35. Kc2 Kf6 36. Rc7 Rdb8 37. Kb3 g5 38. Rgc4 h6 39. Be4 Bf4 40. Bf3 R5b6 41. R7c6 R6b7 42. Rc7 Rb5 43. Ka4 Be5 44. Ra7 Bxb2 0-1

[Event "January 9 Early 2024"]
[Site "https://www.chess.com"]
[Date "2024.01.11"]
[Round "10"]
[White "Marn, Jan"]
[Black "Sokolovsky, Yahli"]
[Result "0-1"]
[Board "146"]
[TimeControl "180+1"]
[WhiteFideId "14619245"]
[BlackFideId "2820242"]
[WhiteElo "2501"]
[BlackElo "2782"]
[WhiteTeam "SLO"]
[BlackTeam "ISR"]
[WhiteClock "0:00:03"]
[BlackClock "0:00:04"]

1. d4 d6 2. Nf3 g6 3. e4 Bg7 4. h3 a6 5. a4 b6 6. Bd3 Bb7 7. c3 Nd7 8. Na3 c5 9. Nc2 Ngf6 10. Qe2 e5 11. d5 O-O 12. O-O Nh5 13. g3 Qe8 14. Ne3 f5 15. exf5 e4 16. Ng5 exd3 17. Qxd3 Ne5 18. Qd1 gxf5 19. Ne6 Qg6 20. Nxf8 Rxf8 21. Ng2 Qf7 22. Nf4 Nxf4 23. Bxf4 Bxd5 24. Bxe5 dxe5 25. Re1 Ba8 26. f3 Qh5 27. Kg2 f4 28. g4 Qh4 29. Rg1 Qg3+ 30. Kf1 Qxh3+ 31. Kf2 Qh4+ 32. Kf1 Qh3+ 33. Kf2 Bf6 34. g5 Qh4+ 35. Kf1 Bxg5 36. Qd6 Qh3+ 37. Ke1 h6 38. Kd2 Qf5 39. Rae1 Re8 40. Kc1 Qe6 41. Qc7 Bxf3 42. Ref1 e4 43. Rxf3 exf3 44. Qxf4 Qe3+ 45. Qxe3 Rxe3 46. Kc2 Re2+ 0-1

[Event "January 9 Early 2024"]
[Site "https://www.chess.com"]
[Date "2024.01.11"]
[Round "10"]
[White "Radjabov, Teimour"]
[Black "Dominguez Perez, Leinier"]
[Result "1-0"]
[Board "147"]
[TimeControl "180+1"]
[WhiteFideId "13400924"]
[BlackFideId "3503240"]
[WhiteElo "3043"]
[BlackElo "2984"]
[WhiteTeam "AZE"]
[BlackTeam "USA"]
[WhiteClock "0:00:10"]
[BlackClock "0:00:03"]

1. Nf3 Nf6 2. c4 c5 3. Nc3 Nc6 4. g3 g6 5. Bg2 Bg7 6. O-O O-O 7. d4 cxd4 8. Nxd4 d6 9. b3 Nxd4 10. Qxd4 Ne4 11. Qxe4 Bxc3 12. Bh6 Bxa1 13. Bxf8 Bf6 14. Bh6 Rb8 15. Bd2 Qb6 16. Qe3 Qxe3 17. Bxe3 b6 18. Rd1 Bb7 19. Bxb7 Rxb7 20. Rd5 a6 21. a4 Kf8 22. g4 Ke8 23. g5 Bg7 24. Kg2 Kd7 25. Rd3 Rb8 26. Bd2 Kc6 27. e4 Rh8 28. Rh3 e6 29. Kf1 Bd4 30. Rd3 Bg7 31. Rf3 Rf8 32. Rh3 Rh8 33. Ke2 Bd4 34. Rd3 Bg7 35. Rf3 Rf8 36. Rh3 Rh8 37. Kd3 d5 38. exd5+ exd5 39. Rf3 Rd8 40. cxd5+ Rxd5+ 41. Ke2 Rf5 42. Rh3 Bd4 43. f4 Bc5 44. Rxh7 Bd6 45. Kf3 b5 46. axb5+ axb5 47. Be3 Kd7 48. h4 b4 49. h5 gxh5 50. Ke4 1-0

[Event "January 9 Early 2024"]
[Site "https://www.chess.com"]
[Date "2024.01.11"]
[Round "10"]
[White "Kobalia, Mikhail"]
[Black "Vokhidov, Shamsiddin"]
[Result "0-1"]
[Board "148"]
[TimeControl "180+1"]
[WhiteFideId "4119150"]
[BlackFideId "14204223"]
[WhiteElo "2820"]
[BlackElo "3006"]
[WhiteTeam "FID"]
[BlackTeam "UZB"]
[WhiteClock "0:00:03"]
[BlackClock "0:00:16"]

1. e4 c5 2. Nf3 e6 3. d4 cxd4 4. Nxd4 Nc6 5. Nc3 Qc7 6. Be2 Nf6 7. O-O a6 8. Be3 Be7 9. f4 d6 10. Qe1 O-O 11. Kh1 Bd7 12. Qg3 b5 13. a3 Rab8 14. e5 Ne8 15. Ne4 dxe5 16. fxe5 Nxe5 17. Bf4 f6 18. Nf3 Nd6 19. Nxf6+ Bxf6 20. Bxe5 Bxe5 21. Qxe5 Rf5 22. Qg3 Bc6 23. Nd4 Rxf1+ 24. Rxf1 Bd5 25. Bg4 Re8 26. Qe5 Qc4 27. Be2 Qc5 28. Qe3 e5 29. Nf5 Qc6 30. Nxd6 Qxd6 31. Kg1 Qc6 32. Bf3 e4 33. Bh5 g6 34. Bd1 Qe6 35. c3 Bc4 36. Rf4 Bd3 37. h3 a5 38. h4 Qe5 39. g3 b4 40. axb4 axb4 41. cxb4 Qxb2 42. Qa7 Bc4 43. Rxe4 Rd8 44. Re1 Qc3 45. Qf2 Rf8 46. Qe3 Rf1+ 47. Kh2 Qxe1 0-1

[Event "January 9 Early 2024"]
[Site "https://www.chess.com"]
[Date "2024.01.11"]
[Round "10"]
[White "Isajevsky, Anton"]
[Black "Kosteniuk, Alexandra"]
[Result "1-0"]
[Board "149"]
[TimeControl "180+1"]
[WhiteFideId "4142500"]
[BlackFideId "4128125"]
[WhiteElo "2654"]
[BlackElo "2745"]
[WhiteTeam "RUS"]
[BlackTeam "SUI"]
[WhiteClock "0:00:02"]
[BlackClock "0:00:07"]

1. d4 Nf6 2. Nf3 e6 3. g3 b5 4. Bg2 Bb7 5. O-O d5 6. Bg5 Be7 7. c3 O-O 8. Nbd2 Nbd7 9. a4 a6 10. b4 bxa4 11. Bxf6 Bxf6 12. Qxa4 Nb6 13. Qc2 g6 14. Ra5 Bg7 15. Rfa1 Qd6 16. e3 f6 17. Bf1 Nd7 18. Qa2 e5 19. Bxa6 Bxa6 20. Rxa6 Nb6 21. Qb3 Rxa6 22. Rxa6 Qc6 23. Ra5 Kh8 24. Qa3 e4 25. Ne1 f5 26. Ng2 g5 27. h4 h6 28. b5 Qd7 29. Qc5 f4 30. exf4 gxf4 31. gxf4 Rg8 32. Nf1 Bf8 33. Qc6 Qxc6 34. bxc6 Bd6 35. Ng3 Rg4 36. h5 Bxf4 37. Nf5 Bd2 38. Rc5 Kh7 39. Kf1 Bg5 40. Nfe3 Bxe3 41. Nxe3 Rg5 42. Rb5 1-0

[Event "January 9 Early 2024"]
[Site "https://www.chess.com"]
[Date "2024.01.11"]
[Round "10"]
[White "Petrukhina, Olga"]
[Black "Mena, Martin"]
[Result "1-0"]
[Board "150"]
[TimeControl "180+1"]
[WhiteFideId "13703935"]
[BlackFideId "10651225"]
[WhiteElo "2278"]
[BlackElo "2075"]
[WhiteTeam "KAZ"]
[BlackTeam "EGY"]
[WhiteClock "0:00:12"]
[BlackClock "0:00:11"]

1. d4 d5 2. c4 e6 3. g3 Nf6 4. Nf3 Be7 5. Bg2 O-O 6. Nc3 dxc4 7. O-O a6 8. Ne5 Nc6 9. Bxc6 bxc6 10. Nxc6 Qe8 11. Nxe7+ Qxe7 12. Qa4 c5 13. Qxc4 cxd4 14. Qxd4 Rd8 15. Qh4 Rb8 16. Ne4 Bb7 17. Nxf6+ Qxf6 18. Bg5 Qd4 19. Bxd8 Rxd8 20. Qxd4 Rxd4 21. Rfd1 Rd5 22. Rxd5 Bxd5 23. f3 f5 24. a3 a5 25. b4 axb4 26. axb4 Bc4 27. Ra7 Bxe2 28. Kf2 Bc4 29. f4 h6 30. Ke3 g5 31. Kd4 Be2 32. Ke5 gxf4 33. gxf4 Bc4 34. Kf6 h5 35. h4 Bd3 36. Kg5 Be2 37. Rb7 Kf8 38. b5 Ke8 39. b6 Kd8 40. Rg7 Kc8 41. Kf6 Bc4 42. Ke5 Kb8 43. Kd6 Bd5 44. Rh7 Kc8 45. Rxh5 Kb7 46. Rh6 Kxb6 47. Rxe6 Be4 48. h5 Kb7 49. h6 1-0

[Event "January 9 Early 2024"]
[Site "https://www.chess.com"]
[Date "2024.01.11"]
[Round "10"]
[White "Sychev, Klementy"]
[Black "Goryachkina, Aleksandra"]
[Result "1-0"]
[Board "151"]
[TimeControl "180+1"]
[WhiteFideId "4114060"]
[BlackFideId "4147103"]
[WhiteElo "2797"]
[BlackElo "2653"]
[WhiteTeam "FID"]
[BlackTeam "FID"]
[WhiteClock "0:00:09"]
[BlackClock "0:00:01"]

1. e4 c5 2. Nc3 e6 3. f4 d5 4. Nf3 Nc6 5. Bb5 d4 6. Bxc6+ bxc6 7. Ne2 d3 8. cxd3 Qxd3 9. Qa4 Bd7 10. Ne5 Qb5 11. Qc2 Nf6 12. d3 c4 13. Qxc4 Bb4+ 14. Nc3 Qb6 15. Ke2 O-O 16. Be3 Qb7 17. Rab1 Rab8 18. Rhc1 Rfc8 19. Bc5 Bxc5 20. Qxc5 Be8 21. b3 Nd7 22. Nxd7 Qxd7 23. Rd1 Rd8 24. Rbc1 f6 25. Kf2 Bg6 26. Kg1 h6 27. h3 Kh8 28. Qe3 a5 29. Na4 Rb4 30. Nc5 Qa7 31. Qf2 e5 32. fxe5 fxe5 33. Ne6 Qxf2+ 34. Kxf2 Rd6 35. Nc5 Bf7 36. Ke3 Kg8 37. Rf1 g6 38. Rf2 Kg7 39. Rcf1 Bg8 40. Rf8 Rb5 41. Na4 Rb4 42. Ra8 Rb5 43. Ra7+ Kh8 44. Rf8 1-0

[Event "January 9 Early 2024"]
[Site "https://www.chess.com"]
[Date "2024.01.11"]
[Round "10"]
[White "Rogov, Matfey"]
[Black "Arabidze, Meri"]
[Result "1-0"]
[Board "152"]
[TimeControl "180+1"]
[WhiteFideId "44191308"]
[BlackFideId "13604040"]
[WhiteElo "2572"]
[BlackElo "2713"]
[WhiteTeam "RUS"]
[BlackTeam "GEO"]
[WhiteClock "0:00:18"]
[BlackClock "0:00:08"]

1. e4 c5 2. Nc3 Nc6 3. Bb5 Nd4 4. Nf3 Nxb5 5. Nxb5 d6 6. d4 Nf6 7. e5 Qa5+ 8. Nc3 Ne4 9. O-O Nxc3 10. bxc3 e6 11. d5 Qc7 12. dxe6 Bxe6 13. Ng5 O-O-O 14. Nxe6 fxe6 15. Qg4 Qf7 16. Rb1 d5 17. Qa4 Kb8 18. Be3 Qd7 19. Qa5 Qc7 20. Qa4 Rg8 21. Rb5 g5 22. Rfb1 Rg7 23. Qa6 Re8 24. Bxg5 Ka8 25. Rxb7 Qxb7 26. Rxb7 Rxb7 27. h4 h6 28. Be3 Rb6 29. Qa4 Rd8 30. h5 Kb8 31. Qg4 Kb7 32. Qg6 d4 33. cxd4 cxd4 34. Bxh6 Bxh6 35. Qxh6 Rc6 36. Qg6 Rdc8 37. h6 Rxc2 38. h7 Rc1+ 39. Kh2 R1c3 40. Qg7+ Kb6 41. h8=Q Rxh8+ 42. Qxh8 d3 43. Qb8+ Kc5 44. Qxa7+ Kc4 45. Qa6+ Kd4 46. Qd6+ Kc4 47. Qxe6+ Kd4 48. Qd6+ Kc4 49. e6 d2 50. Qxd2 Rd3 51. Qxd3+ Kxd3 52. e7 1-0

[Event "January 9 Early 2024"]
[Site "https://www.chess.com"]
[Date "2024.01.11"]
[Round "10"]
[White "Waldhausen Gordon, Frederick"]
[Black "Cuenca Jimenez, Jose Fernando"]
[Result "1/2-1/2"]
[Board "153"]
[TimeControl "180+1"]
[WhiteFideId "2409143"]
[BlackFideId "2255570"]
[WhiteElo "2563"]
[BlackElo "2681"]
[WhiteTeam "SCO"]
[BlackTeam "ESP"]
[WhiteClock "0:00:49"]
[BlackClock "0:00:20"]

1. f4 d5 2. Nf3 g6 3. g3 Bg7 4. Bg2 c5 5. O-O Nc6 6. c3 Nf6 7. d3 O-O 8. h3 d4 9. e4 dxe3 10. Bxe3 Qd6 11. Na3 Nd5 12. Bf2 b6 13. Nc4 Qc7 14. Nfe5 Nxe5 15. Nxe5 Bb7 16. Qe2 Rad8 17. Rae1 Nf6 18. a4 Bxg2 19. Kxg2 e6 20. Qf3 Nd5 21. Nc4 Qc6 22. Ra1 Rc8 23. Rfe1 Rfd8 24. Ne5 Bxe5 25. Rxe5 Ne7 26. Qxc6 Nxc6 27. Re3 Rd5 28. Kf3 Rcd8 29. Ke2 c4 30. d4 Ra5 31. g4 Ne7 32. Bh4 Rd7 33. Bxe7 Rxe7 34. Re5 Rd5 35. Rxd5 exd5+ 36. Kf3 Kf8 37. Rf1 Re6 38. Kf2 Ke7 39. Re1 Kd6 40. Rxe6+ fxe6 41. Ke3 Kc6 42. f5 exf5 43. gxf5 g5 44. h4 gxh4 45. Kf4 Kd6 46. Kg4 Ke7 47. Kxh4 Kf6 48. Kg4 h6 49. Kh5 Kxf5 50. Kxh6 Ke4 51. Kg5 Kd3 52. Kf5 Kc2 53. Ke5 Kxb2 54. Kxd5 Kxc3 55. Ke5 Kb4 56. d5 c3 57. d6 c2 58. d7 c1=Q 59. d8=Q Qc5+ 60. Kf4 Qc4+ 61. Kg5 Kxa4 62. Qd1+ Kb5 63. Qd7+ Kb4 64. Qxa7 b5 65. Kh6 Kb3 66. Qe3+ Qc3 67. Qe6+ Qc4 68. Qe3+ Ka4 69. Qa7+ Kb3 70. Qe3+ 1/2-1/2

[Event "January 9 Early 2024"]
[Site "https://www.chess.com"]
[Date "2024.01.11"]
[Round "10"]
[White "Bharath Subramaniyam H"]
[Black "Bryakin, Mikhail"]
[Result "1-0"]
[Board "154"]
[TimeControl "180+1"]
[WhiteFideId "46634827"]
[BlackFideId "4165314"]
[WhiteElo "2964"]
[BlackElo "2846"]
[WhiteTeam "IND"]
[BlackTeam "SRB"]
[WhiteClock "0:00:29"]
[BlackClock "0:00:01"]

1. b3 Nf6 2. Bb2 g6 3. Nf3 Bg7 4. g3 O-O 5. Bg2 b6 6. c4 Bb7 7. d4 d6 8. O-O Nbd7 9. Nc3 Ne4 10. Qc2 Nxc3 11. Bxc3 e6 12. e4 e5 13. d5 a5 14. a3 Qe7 15. b4 axb4 16. axb4 Rxa1 17. Rxa1 Ra8 18. Rxa8+ Bxa8 19. Qa2 Qd8 20. Nd2 Bh6 21. Nb3 Bb7 22. Qa4 Nf6 23. c5 bxc5 24. bxc5 Qb8 25. Qb4 Qc8 26. Na5 Ba6 27. cxd6 cxd6 28. Nc6 Bf8 29. f3 Qb7 30. Bf1 Qxb4 31. Bxb4 Bxf1 32. Kxf1 Ne8 33. Ke2 f5 34. Kd3 Kf7 35. Ba3 h5 36. Bc1 Be7 37. Kc4 fxe4 38. fxe4 Bf8 39. Bg5 Bg7 40. Kb5 Bf6 41. h4 Ng7 42. Na5 Bxg5 43. hxg5 Ke7 44. Kc6 Nf5 45. exf5 gxf5 46. Nc4 f4 47. gxf4 h4 48. fxe5 h3 49. exd6+ Kd8 50. d7 h2 51. Nd6 h1=Q 52. Nb7+ Ke7 53. d8=Q+ Kf7 54. Qf6+ Kg8 55. Qg6+ Kf8 56. Qh6+ Kg8 57. Qxh1 1-0

[Event "January 9 Early 2024"]
[Site "https://www.chess.com"]
[Date "2024.01.11"]
[Round "10"]
[White "Prudnykova, Olga"]
[Black "Chernomordik, Pavel"]
[Result "1-0"]
[Board "155"]
[TimeControl "180+1"]
[WhiteFideId "14121093"]
[BlackFideId "2804530"]
[WhiteElo "2293"]
[BlackElo "2436"]
[WhiteTeam "ISL"]
[BlackTeam "ISR"]
[WhiteClock "0:00:15"]
[BlackClock "0:00:01"]

1. e4 g6 2. d4 Bg7 3. Nc3 d6 4. Be3 a6 5. h3 b5 6. g4 Bb7 7. Bg2 Nd7 8. Nge2 b4 9. Nd5 c5 10. Qd2 e6 11. Ndf4 cxd4 12. Nxd4 e5 13. Nfe6 fxe6 14. Nxe6 Qe7 15. Nc7+ Kf8 16. Nxa8 Bxa8 17. O-O-O Ngf6 18. Qxb4 Kf7 19. f3 d5 20. Qxe7+ Kxe7 21. exd5 Nxd5 22. Bg5+ Bf6 23. Bd2 Rb8 24. Rhe1 Kf7 25. c3 Nc5 26. Bf1 Nc7 27. Be3 N7e6 28. Bc4 Rc8 29. f4 Bf3 30. Rd6 Be7 31. Rb6 Rc6 32. Rxc6 Bxc6 33. f5 Kf6 34. fxe6 Bf3 35. Rf1 e4 36. g5+ Ke5 37. h4 a5 38. Bd4+ Kf4 39. Kd2 Bd6 40. Be3+ Kg3 41. b4 axb4 42. cxb4 Nb7 43. b5 Bb4+ 44. Kc2 Nd6 45. Bd5 Nxb5 46. Kb3 Be7 47. a4 Nc7 48. Bc4 1-0

[Event "January 9 Early 2024"]
[Site "https://www.chess.com"]
[Date "2024.01.11"]
[Round "10"]
[White "Kleiman, Jake"]
[Black "Bologan, Victor"]
[Result "1-0"]
[Board "156"]
[TimeControl "180+1"]
[WhiteFideId "2020041"]
[BlackFideId "13900048"]
[WhiteElo "2661"]
[BlackElo "2771"]
[WhiteTeam "USA"]
[BlackTeam "MDA"]
[WhiteClock "0:00:14"]
[BlackClock "0:00:01"]

1. e4 c5 2. c3 e5 3. Nf3 Nc6 4. Bc4 Nf6 5. d3 Be7 6. O-O O-O 7. Re1 d6 8. a4 Be6 9. Nbd2 h6 10. h3 Re8 11. Bxe6 fxe6 12. Nc4 Bf8 13. Bd2 Qc7 14. Rc1 d5 15. Na3 Rad8 16. Qe2 c4 17. dxc4 dxe4 18. Nh2 Bxa3 19. bxa3 Na5 20. Rc2 Nxc4 21. Bc1 Rc8 22. Ng4 Nxg4 23. Qxg4 e3 24. Bxe3 Kh8 25. Bc1 Qf7 26. Rce2 Qf5 27. Qh4 Kh7 28. Re4 Nd6 29. Rxe5 Qf7 30. Qg3 Nf5 31. Qf3 Qg6 32. R1e4 Rcd8 33. Kh2 Rd6 34. Bf4 Red8 35. Re1 Nh4 36. Qg3 Qxg3+ 37. Bxg3 Nf5 38. Bf4 Rc6 39. Rxe6 Rxc3 40. R1e5 Rf8 41. Rd5 Rxa3 42. Rd7 Rxa4 43. Be5 b5 44. Rc6 Re4 45. f4 Re8 46. Rcc7 R8xe5 47. fxe5 h5 48. Rd5 b4 49. e6 Kg6 50. Rcc5 Ne3 51. Re5 Rxe5 52. Rxe5 1-0

[Event "January 9 Early 2024"]
[Site "https://www.chess.com"]
[Date "2024.01.11"]
[Round "10"]
[White "Domalchuk-Jonasson, Aleksandr"]
[Black "Swicarz, Maciej"]
[Result "1-0"]
[Board "157"]
[TimeControl "180+1"]
[WhiteFideId "14142805"]
[BlackFideId "1113585"]
[WhiteElo "2637"]
[BlackElo "2503"]
[WhiteTeam "ISL"]
[BlackTeam "POL"]
[WhiteClock "0:00:20"]
[BlackClock "0:00:02"]

1. c4 c6 2. Nf3 d5 3. e3 Nf6 4. b3 g6 5. Bb2 Bg7 6. Be2 O-O 7. O-O Nbd7 8. Nc3 e5 9. cxd5 cxd5 10. d4 e4 11. Ne5 Nb6 12. a4 Be6 13. Ba3 Re8 14. Nb5 Nc8 15. Rc1 Rb8 16. Nc7 Rf8 17. Qd2 Nd7 18. Bxf8 Nxf8 19. Qb4 Nd6 20. Rc5 a6 21. Nxd5 a5 22. Rxa5 b6 23. Nc6 bxa5 24. Qxb8 Qxb8 25. Nxb8 Bxd5 26. Rb1 Ne6 27. b4 axb4 28. Rxb4 Nb7 29. a5 Nxa5 30. Rb5 Bc4 31. Bxc4 Nxc4 32. d5 Nf8 33. Nc6 f5 34. Rb7 Nd6 35. Ra7 Bf6 36. f3 Bg5 37. Kf2 Bh4+ 38. g3 Bg5 39. h4 Bf6 40. Ne7+ Bxe7 41. Rxe7 exf3 42. Kxf3 Ne4 43. g4 Nd6 44. Kf4 fxg4 45. e4 g3 46. Kxg3 h6 47. Kf4 Nf7 48. e5 g5+ 49. hxg5 hxg5+ 50. Kf5 g4 51. d6 g3 52. Ra7 g2 53. Ra1 Nd7 54. Rg1 Nfxe5 55. Ke6 Kf8 56. Rxg2 Nd3 57. Kxd7 Nf4 58. Rf2 1-0

[Event "January 9 Early 2024"]
[Site "https://www.chess.com"]
[Date "2024.01.11"]
[Round "10"]
[White "Kuhn, Clement"]
[Black "Wagner, Dennis"]
[Result "1/2-1/2"]
[Board "158"]
[TimeControl "180+1"]
[WhiteFideId "36099775"]
[BlackFideId "24650684"]
[WhiteElo "2598"]
[BlackElo "2737"]
[WhiteTeam "FRA"]
[BlackTeam "GER"]
[WhiteClock "0:00:26"]
[BlackClock "0:00:15"]

1. e4 e5 2. Nc3 Nf6 3. f4 d5 4. fxe5 Nxe4 5. Qf3 Nc6 6. Bb5 Nxc3 7. dxc3 Qh4+ 8. g3 Qe4+ 9. Qxe4 dxe4 10. Ne2 Bd7 11. Bxc6 Bxc6 12. Rf1 Be7 13. Nd4 Bd7 14. Nf5 Bxf5 15. Rxf5 O-O 16. Rf4 f5 17. exf6 Bxf6 18. Rxe4 Rfe8 19. Rxe8+ Rxe8+ 20. Kf2 Kf7 21. Be3 a6 22. Rd1 Rd8 23. Rd3 Ke6 24. Kf3 Rd5 25. Bf4 c6 26. Ke4 g5 27. Be3 Re5+ 28. Kf3 h5 29. Bd4 Rf5+ 30. Ke3 g4 31. Bxf6 Rxf6 32. Ke2 Rf8 33. c4 Ke7 34. Rb3 Rb8 35. c5 Ke6 36. c4 Ke5 37. Ke3 Kf5 38. Rb6 Re8+ 39. Kd3 Rd8+ 40. Ke3 Rd7 41. b4 Ke5 42. b5 axb5 43. cxb5 Kd5 44. bxc6 bxc6 45. Ra6 Re7+ 46. Kd3 Rf7 47. Ke2 Rf3 48. Ra4 Rc3 49. Kd2 Rxc5 50. Rf4 Rb5 51. Rf5+ Kc4 52. Rxb5 cxb5 53. Kc2 Kb4 54. Kb2 Ka4 55. Kc2 Ka3 56. Kb1 b4 57. Ka1 b3 58. axb3 Kxb3 59. Kb1 Kc3 60. Kc1 Kd3 61. Kd1 Ke3 62. Ke1 Kf3 63. Kf1 Ke3 64. Ke1 Kf3 65. Kf1 Ke3 66. Ke1 1/2-1/2